AoeStats
← Biscoitoso

Arabia

510472393Analyzed
3v3 RM · 12h ago on Oct 1, 2026· 56m 0s· 6 players
Game mode
Random Map
Map size
Normal (6 player)
Population
200
Speed
Normal
Resources
Standard
Victory
Conquest
Starting age
Dark Age
Ending age
Imperial Age
RankedLock teamsTeams togetherTeam positionsShared explorationLock speedFull tech treeHidden civsTurbo modeCheats
Victory
Defeat
🇭🇰 Cumans · Hong Kong SAR China
868
+14
🇨🇳 Portuguese · China
741
+19
🇧🇷 Huns · Brazil
692
+21
🇯🇵 Japanese · Japan
897
-21
🇨🇦 Romans · Canada
895
-21
🇳🇿 Wei · New Zealand
656
-12
cold hand
10:15 Feudal Age
9:32 Loom
11:33 Double-Bit Axe
11:31 Horse Collar
19:16 Castle Age
18:08 Stone Mining
18:10 Gold Mining
21:58 Bow Saw
24:36 Wheelbarrow
27:33 Imperial Age
25:38 Fervor
25:23 Treadmill Crane
27:29 Masonry
28:41 Town Watch
31:12 Chemistry
30:42 Hand Cart
31:49 Padded Archer Armor
34:32 Caravan
35:57 Two-Man Saw
36:17 Conscription
37:24 Architecture
37:15 Leather Archer Armor
39:14 Gambesons
39:15 Arson
40:03 Heavy Plow
40:43 Stone Shaft Mining
40:54 Ring Archer Armor
40:27 Scale Mail Armor
40:38 Forging
43:54 Pikeman
45:31 Chain Mail Armor
45:51 Iron Casting
46:08 Coinage
45:25 Halberdier
46:37 Plate Mail Armor
47:26 Siege Engineers
47:28 Arquebus
47:29 Murder Holes
47:54 Ballistics
47:57 Bombard Tower
50:21 Blast Furnace
Hanson
3:49 Loom
10:08 Feudal Age
13:12 Double-Bit Axe
18:14 Fletching
19:51 Wheelbarrow
20:08 Town Watch
24:40 Castle Age
23:02 Stone Mining
24:09 Town Watch
40:21 Bow Saw
44:51 Thumb Ring
46:53 Caravan
48:30 Bodkin Arrow
49:09 Padded Archer Armor
49:46 Gold Mining
50:18 Hand Cart
51:52 Bloodlines
57:49 Imperial Age
Biscoitoso
1:01 Loom
11:27 Feudal Age
12:36 Double-Bit Axe
12:54 Horse Collar
20:46 Stone Mining
27:10 Castle Age
25:27 Forging
25:44 Gold Mining
26:48 Bloodlines
27:32 Town Watch
28:22 Wheelbarrow
27:57 Scale Barding Armor
27:33 Light Cavalry
28:14 Husbandry
30:17 Bow Saw
31:19 Iron Casting
32:29 Chain Barding Armor
33:11 Marauders
34:10 Gold Shaft Mining
33:27 Fletching
33:57 Squires
33:17 Pikeman
33:43 Arson
34:03 Heavy Plow
34:30 Crossbowman
36:07 Fervor
36:44 Thumb Ring
36:55 Pikeman
38:33 Bodkin Arrow
38:38 Padded Archer Armor
42:30 Imperial Age
41:03 Scale Mail Armor
41:18 Leather Archer Armor
42:04 Ballistics
41:54 Masonry
41:40 Murder Holes
44:42 Two-Man Saw
44:31 Sanctity
43:45 Elite Skirmisher
46:03 Blast Furnace
45:04 Bracer
48:17 Elite Tarkan
49:20 Conscription
49:20 Atheism
49:36 Guilds
49:27 Caravan
51:01 Plate Barding Armor
50:27 Bracer
52:00 Cavalier
55:36 Paladin
MidnightBlue331
3:44 Loom
9:58 Feudal Age
10:31 Double-Bit Axe
10:12 Man-at-Arms
13:33 Scale Mail Armor
19:07 Castle Age
16:58 Fletching
19:11 Long Swordsman
20:08 Chain Mail Armor
20:41 Squires
24:26 Wheelbarrow
23:38 Town Watch
24:08 Forging
24:44 Horse Collar
35:20 Imperial Age
32:55 Pikeman
34:36 Gold Mining
35:08 Hand Cart
35:17 Ballistics
37:11 Gold Shaft Mining
36:52 Heavy Plow
37:39 Iron Casting
36:57 Legionary
38:02 Conscription
39:20 Blast Furnace
38:34 Bloodlines
38:26 Husbandry
40:05 Heavy Scorpion
44:12 Halberdier
45:37 Comitatenses
Zace
0:46 Loom
13:18 Feudal Age
13:45 Town Watch
13:53 Double-Bit Axe
14:50 Wheelbarrow
17:46 Horse Collar
19:14 Gold Mining
19:14 Stone Mining
26:39 Castle Age
26:02 Forging
25:42 Fletching
25:53 Padded Archer Armor
25:53 Scale Mail Armor
25:59 Scale Barding Armor
27:05 Arson
28:00 Bloodlines
28:43 Hand Cart
28:40 Bow Saw
29:09 Gold Shaft Mining
29:09 Stone Shaft Mining
28:36 Heavy Plow
28:36 Bodkin Arrow
29:43 Iron Casting
30:06 Town Patrol
30:24 Treadmill Crane
30:55 Fortified Wall
30:43 Murder Holes
30:53 Pikeman
31:36 Squires
32:41 Tuntian
33:50 Ballistics
34:18 Husbandry
34:38 Chain Mail Armor
36:57 Caravan
37:37 Leather Archer Armor
38:19 Guard Tower
39:12 Chain Barding Armor
39:27 Masonry
40:23 Fervor
47:39 Imperial Age
48:59 Ming Guang Armor
48:55 Conscription
49:01 Conscription
49:13 Parthian Tactics
49:44 Elite Tiger Cavalry
52:00 Blast Furnace
52:32 Halberdier
54:42 Hoardings
54:38 Bracer
knight
7:40 Loom
10:11 Feudal Age
16:19 Castle Age
17:45 Double-Bit Axe
20:56 Horse Collar
22:54 Heavy Plow
26:48 Bow Saw
28:02 Wheelbarrow
28:34 Pikeman
33:50 Imperial Age
32:25 Hand Cart
35:09 Gold Mining
35:10 Town Watch
36:22 Conscription
37:10 Two-Man Saw
37:45 Gold Shaft Mining
38:49 Stone Mining
39:33 Kataparuto
39:39 Forging
39:32 Scale Mail Armor
39:25 Fletching
39:45 Padded Archer Armor
41:01 Town Patrol
45:24 Iron Casting
45:06 Chain Mail Armor
50:15 Siege Engineers
51:11 Chemistry
50:32 Ballistics
51:40 Blast Furnace
51:12 Plate Mail Armor
51:23 Elite Samurai
54:45 Bodkin Arrow
55:08 Leather Archer Armor
54:25 Capped Ram
55:04 Elite Skirmisher
55:55 Thumb Ring
56:30 Ring Archer Armor
56:03 Bracer
Connection lost

Rejoining the realm…

Still unreachable

The connection could not be restored.

Session expired

The server has moved on; the page needs a fresh start.